 Dungeon Crawl Stone Soup version 0.29-a0-823-gc37b1572da (webtiles) character file.

Game seed: 11851412872407621398

390 LynnLen the Covert (level 6, -12/32 HPs)
             Began as a Vampire Enchanter on July 9, 2022.
             Mangled by Menkaure (13 damage)
             ... on level 5 of the Dungeon.
             The game lasted 00:15:15 (3921 turns).

LynnLen the Covert (Vampire Enchanter)              Turns: 3921, Time: 00:15:15

Health: -12/32     AC:  7    Str:  4 (7)  XL:     6   Next: 50%
Magic:  9/9        EV:  9    Int: 19 (20) God:
Gold:   173        SH:  0    Dex: 17 (20) Spells: 3/9 levels left

rFire   . . .      SeeInvis +   a - +3 dagger
rCold   + + .      Faith    .   (no shield)
rNeg    + + +      Spirit   .   i - +1 ring mail
rPois   ∞          Reflect  .   (no helmet)
rElec   .          Harm     .   (no cloak)
rCorr   .          Rampage  .   j - +0 pair of gloves
Will    .....                   (no boots)
Stlth   ++++++....              (no amulet)
HPRegen 0.00/turn               o - +6 ring of dexterity
MPRegen 0.11/turn               (no ring)

@: bloodless, inhibited regen
A: bloodless, fangs 3, see invisible, vampiric 2
a: Bat Form, Revivify


You were on level 5 of the Dungeon.
You visited 1 branch of the dungeon, and saw 5 of its levels.

You collected 173 gold pieces.

Inventory:

Hand Weapons
 a - a +3 dagger (weapon)
 p - a +0 dagger of chaos
Missiles
 d - a throwing net
 f - 3 curare-tipped darts (quivered)
 g - 27 stones
Armour
 i - a +1 ring mail (worn)
 j - a +0 pair of gloves (worn)
 s - a +0 ring mail
Jewellery
 o - a +6 ring of dexterity (left hand)
Scrolls
 e - a scroll of amnesia
Potions
 c - 2 potions of invisibility
 h - 3 potions of brilliance
 k - a potion of attraction
 l - 2 potions of lignification
 m - 2 potions of heal wounds {unknown}
 q - a potion of berserk rage {unknown}


   Skills:
 + Level 2.6 Short Blades
 * Level 0.2 Throwing
 * Level 3.1 Dodging
 + Level 9.9 Stealth
 + Level 2.1 Spellcasting
 * Level 5.0 Hexes


You had 3 spell levels left.
You knew the following spells:

 Your Spells              Type           Power      Damage    Failure   Level
a - Confusing Touch       Hex            21%        N/A       36%         3
b - Tukima's Dance        Hex            21%        N/A       36%         3

Your spell library contained the following spells:

 Spells                   Type           Power      Damage    Failure   Level
 Ensorcelled Hibernation  Hex/Ice        22%        N/A       50%         2
 Sting                    Tmut/Pois      4%         1d3       71%         1
 Dazzling Flash           Conj/Hex       22%        N/A       73%         3
 Poisonous Vapours        Pois/Air       2%         N/A       83%         2
 Static Discharge         Conj/Air       1%         3-4/arc   83%         2
 Mephitic Cloud           Conj/Pois/Air  1%         N/A       97%         3
 Olgreb's Toxic Radiance  Pois           1%         N/A       100%        4
 Summon Ice Beast         Ice/Summ       1%         N/A       100%        4
 Iskenderun's Battlesphe  Conj           1%         2d6       100%        5
 Starburst                Conj/Fire      0%         6d3       100%        6


Dungeon Overview and Level Annotations

Branches:
Dungeon (5/15)
 Temple: D:4-7

Altars:
Sif Muna
Xom

Annotations:
D:5 Menkaure, Sigmund


Innate Abilities, Weirdness & Mutations

You do not regenerate when monsters are visible.
You are frail without blood (-20% HP).
You can heal yourself when you bite living creatures.
You are immune to poison.
You have razor-sharp teeth.
You have supernaturally acute eyesight. (SInv)
You are afflicted with vampirism and can become a bat while bloodless.


Message History

The scorpion is heavily wounded.
The scorpion stings you but does no damage.
You hit the scorpion.
The scorpion is severely wounded.
The scorpion closely misses you.
You hit the scorpion. Your bite misses the scorpion.
The scorpion is almost dead.
The scorpion stings you but does no damage.
You hit the scorpion but do no damage.
The scorpion is almost dead.
The scorpion misses you.
You hit the scorpion.
The scorpion is almost dead.
The scorpion stings you.
You hit the scorpion.
You kill the scorpion!
Your Dodging skill increases to level 3!
Your Hexes skill increases to level 5!
You see here a scorpion corpse.
You start resting.
HP restored.
g - 27 stones (gained 4) Menkaure, Prince of Dust comes into view.
Menkaure shouts!
Menkaure barely misses you.
You puncture Menkaure!
Menkaure is moderately damaged.
You hit Menkaure. You bite Menkaure.
Menkaure is heavily damaged.
Menkaure hits you!
Ouch! That really hurt!
You hit Menkaure.
Menkaure is severely damaged.
Menkaure hits you!
* * * LOW HITPOINT WARNING * * *
It was a potion of degeneration.
There was something very wrong with that liquid.
You feel weakened.
You feel dopey.
You feel clumsy. Menkaure hits you!
You die...

#.#
#......†...
#.#
##.........
#.#
#.........
#.#
##########
#.# #.# #.#
#.# #@# #M#
#.# #.# #.#
#.# #.. ###


You could see Menkaure.

Vanquished Creatures
  A scorpion (D:5)
  4 crimson imps (D:4)
  2 hounds (D:4)
  Jessica (D:3)
  3 gnolls (D:4)
  2 adders
  3 dart slugs
  An orc (D:3)
  7 endoplasms
  4 giant cockroaches
  4 goblins
  6 hobgoblins
  4 kobolds
  2 quokkas
  4 ball pythons
  5 bats
  5 rats
58 creatures vanquished.

Vanquished Creatures (others)
  A dancing weapon (D:4)
1 creature vanquished.

Grand Total: 59 creatures vanquished

Notes
Turn   | Place    | Note
-------+----------+-------------------------------------------
     0 | D:1      | LynnLen the Vampire Enchanter began the quest for the Orb.
     0 | D:1      | Reached XP level 1. HP: 13/13 MP: 3/3
   264 | D:1      | Reached skill level 5 in Stealth
   286 | D:1      | Reached XP level 2. HP: 15/15 MP: 5/5
   501 | D:1      | Got the Collected Works on Gathered Blasting
  1083 | D:2      | Gained mutation: You are afflicted with vampirism and can
                  | become a bat while bloodless. [Vampire growth]
  1083 | D:2      | Reached XP level 3. HP: 19/19 MP: 6/6
  1087 | D:2      | Learned a level 3 spell: Confusing Touch
  1091 | D:2      | Learned a level 3 spell: Tukima's Dance
  1345 | D:2      | Found a faded altar of an unknown god.
  1403 | D:3      | Reached skill level 6 in Stealth
  1693 | D:3      | Noticed Jessica
  1939 | D:3      | Found a shimmering blue altar of Sif Muna.
  1941 | D:3      | Killed Jessica
  1942 | D:3      | Reached skill level 7 in Stealth
  1942 | D:3      | Reached XP level 4. HP: 21/24 MP: 7/7
  2326 | D:4      | Found a shimmering altar of Xom.
  2370 | D:4      | Reached skill level 8 in Stealth
  2370 | D:4      | Reached XP level 5. HP: 19/28 MP: 8/8
  2454 | D:4      | Reached skill level 9 in Stealth
  2839 | D:4      | Reached XP level 6. HP: 32/32 MP: 9/9
  3674 | D:5      | Entered Level 5 of the Dungeon
  3724 | D:5      | Noticed Sigmund
  3789 | D:5      | Reached skill level 5 in Hexes
  3911 | D:5      | Noticed Menkaure
  3920 | D:5      | HP: 1/32 [Menkaure (14)]
  3921 | D:5      | Mangled by Menkaure

Illustrated notes

Levels and vault maps discovered:
D:1:      lemuel_arrival_lava_pool, layout_basic, minmay_tetromino_t4
D:2:      layout_rooms, shapermc_ecumenical_altar_pompeii
D:3:      layout_loops_ring, tgw_sif
D:4:      layout_basic, led_xom_imps
D:5:      layout_basic, serial_demonic, serial_demonic_e, serial_demonic_a,
          serial_demonic_c, serial_demonic_b, uniq_sigmund, uniq_menkaure

Skill      XL: |  1  2  3  4  5  6 |
---------------+-------------------+-----
Stealth        | 5 7 8 9 |  9.9
Short Blades   | 2 |  2.6
Dodging        | 3 |  3.1
Hexes          | 5 |  5.0
Throwing       | |  0.2
Spellcasting   | |  2.1

Action                   |  1- 3 |  4- 6 || total
-------------------------+-------+-------++-------
Melee: Dagger            |    96 |   143 ||   239
       Bite              |     4 |    11 ||    15
       Punch             |     1 |     3 ||     4
Throw: Dart              |     4 |     1 ||     5
       Stone             |     1 |       ||     1
 Cast: Tukima's Dance    |       |     2 ||     2
 Abil: Exsanguinate      |     1 |       ||     1
  Use: Scroll            |    10 |     3 ||    13
       Potion            |     2 |     2 ||     4
 Stab: Sleeping          |    22 |     8 ||    30
Armor: Leather armour    |     3 |       ||     3
       Ring mail         |    28 |    48 ||    76
Dodge: Dodged            |    39 |    70 ||   109

Table legend: (Time is in decaauts)
 A = Elapsed time spent in this place.
 B = Non-inter-level travel time spent in this place.
 C = Inter-level travel time spent in this place.
 D = Time resting spent in this place.
 E = Time spent auto-exploring this place.
 F = Levels seen in this place.
 G = Mean time per level.
                   A        B        C        D        E       F      G
               +--------+--------+--------+--------+--------+-----+--------+
         Total |   3902 |   3902 |      0 |    692 |   1787 |   5 |  780.4 |
       Dungeon |   3902 |   3902 |      0 |    692 |   1787 |   5 |  780.4 |
               +--------+--------+--------+--------+--------+-----+--------+

Top non-repeatable levels by time:
     D:4: 1438 daAuts
     D:1: 991 daAuts
     D:3: 825 daAuts
     D:2: 401 daAuts
     D:5: 244 daAuts
